 Seeded DCSS version 0.30.1-11-g7821555f0a (webtiles) character file.

Game seed: 5129858224507802926 (custom seed)

21632 Psyclone the Fighter (level 12, -4/89 HPs)
             Began as a Deep Elf Conjurer on Nov 9, 2023.
             Was an Initiate of Gozag.
             Hit by a large rock thrown by a cyclops (38 damage)
             ... on level 11 of the Dungeon.
             The game lasted 00:33:01 (13001 turns).

Psyclone the Fighter (Deep Elf Conjurer)           Turns: 13001, Time: 00:33:02

Health: -4/89      AC:  7    Str:  2    XL:     12   Next: 55%
Magic:  13/28      EV: 15    Int: 37    God:    Gozag
Gold:   630        SH:  5    Dex: 11    Spells: 16/32 levels left

rFire   . . .        a - +1 short sword (venom)
rCold   . . .        (no shield)
rNeg    . . .        B - +0 steam dragon scales
rPois   .            (no helmet)
rElec   .            C - +0 cloak
rCorr   .            (no gloves)
SInv    .            m - +0 pair of boots
Will    +....        A - amulet of reflection
Stlth   ++           (no ring)
HPRegen 0.34/turn    (no ring)
MPRegen 0.21/turn

%: reflection, clarity
@: gold aura
A: clarity, clever 2, robust 1, sturdy frame 1
a: Renounce Religion, Potion Petition, Call Merchant, Bribe Branch


You were on level 11 of the Dungeon.
You worshipped Gozag.
Gozag was pleased with you.
You visited 2 branches of the dungeon, and saw 12 of its levels.
You also visited: Bailey.

You collected 935 gold pieces.
You spent 60 gold pieces at shops.
You paid 245 gold pieces to Gozag.

Inventory:

Hand Weapons
 a - a +1 short sword of venom (weapon)
 e - a +1 triple sword of protection
Armour
 m - a +0 pair of boots (worn)
 B - +0 steam dragon scales (worn)
 C - a +0 cloak (worn)
Jewellery
 y - a ring of ice
 A - an amulet of reflection (around neck)
Wands
 l - a wand of iceblast (7)
 s - a wand of polymorph (18)
 v - a wand of light (16)
 E - a wand of digging (7)
Scrolls
 d - 2 scrolls of amnesia {unknown}
 f - 6 scrolls of fear
 i - 7 scrolls of identify {unknown}
 k - 2 scrolls of vulnerability {unknown}
 o - 2 scrolls of poison {unknown}
 r - 2 scrolls of butterflies {unknown}
 u - a scroll of noise {unknown}
 w - a scroll of silence {unknown}
 z - a scroll of fog {unknown}
 F - a scroll of torment {unknown}
 G - a scroll of magic mapping
 H - a scroll of teleportation {unknown}
Potions
 b - a potion of magic
 c - 5 potions of mutation
 g - 2 potions of flight {unknown}
 h - 5 potions of curing
 j - 2 potions of might {unknown}
 n - 2 potions of berserk rage {unknown}
 p - 2 potions of haste {unknown}
 q - 2 potions of attraction {unknown}
 t - 4 potions of heal wounds {unknown}
 x - a potion of degeneration {unknown}
 D - a potion of brilliance {unknown}


   Skills:
 + Level 11.9 Fighting
 - Level 9.0 Dodging
 - Level 2.4 Stealth
 - Level 10.7 Spellcasting
 - Level 10.8 Conjurations
 - Level 3.0 Hexes
 - Level 6.0 Transmutations


You had 16 spell levels left.
You knew the following spells:

 Your Spells              Type           Power      Damage    Failure   Level
a - Magic Dart            Conj           100%       1d8       1%          1
b - Searing Ray           Conj           100%       2d8       1%          2
d - Fulminant Prism       Conj/Hex       31%        3d16      1%          4
e - Iskenderun's Mystic   Conj/Tloc      57%        2d12      2%          4
x - Irradiate             Conj/Tmut      35%        3d23      1%          5

Your spell library contained the following spells:

 Spells                   Type           Power      Damage    Failure   Level
 Dazzling Flash           Conj/Hex       100%       N/A       1%          3
 Blade Hands              Tmut           29%        N/A       4%          5
 Manifold Assault         Tloc           19%        N/A       21%         4
 Dragon Form              Tmut           29%        N/A       82%         7
 Dispersal                Tloc           9%         N/A       97%         6
 Disjunction              Tloc           9%         N/A       100%        8


Dungeon Overview and Level Annotations

Branches:
Dungeon (11/15) Zot: 26229  Temple (1/1) D:4 Zot: 5982     Orc (0/2) D:9
 Bailey (visited)
   Lair: D:8-11

Altars:
Ashenzari
Cheibriados
Dithmenos
Elyvilon
Fedhas
Gozag
Hepliaklqana
Kikubaaqudgha
Makhleb
Nemelex Xobeh
Okawaru
Qazlal
Ru
Sif Muna
Trog
Uskayaw
Vehumet
Wu Jian
Xom
Yredelemnul
Zin
The Shining One
Lugonu

Shops:
D:1 [   D:2 =![(   D:9 *

Portals:
Abyss: D:9

Annotations:
D:5 5 runed translucent doors, exclusion: door
D:9 2 runed translucent doors


Innate Abilities, Weirdness & Mutations

You possess an exceptional clarity of mind.
Your mind is very acute. (Int +8, Str/Dex -2)
You are robust. (+10% HP)
Your movements are slightly less encumbered by armour. (ER -2)


Message History

Confirm with . or Enter, or press ? or * to list all spells.
You erupt in a blast of force!
The mystic blast hits the ogre!
The ogre is heavily wounded.
The ogre is knocked back by the mystic blast.
The mystic blast hits the centaur warrior simulacrum!
The centaur warrior simulacrum is moderately damaged.
The centaur warrior simulacrum is knocked back by the mystic blast.
The wolf howls!
You now have 24/28 mp.
Casting: Iskenderun's Mystic Blast (dangerous; 2% risk of failure)
Confirm with . or Enter, or press ? or * to list all spells.
Aiming: Fulminant Prism (mildly dangerous; 1% risk of failure)
Press: ? - help, Dir - move target You conjure a prism of explosive energy!
A fulminant prism comes into view.
You now have 20/28 mp.
Casting: Fulminant Prism (mildly dangerous; 1% risk of failure)
Confirm with . or Enter, or press ? or * to list all spells.
You erupt in a blast of force!
The mystic blast hits the centaur warrior simulacrum!
The centaur warrior simulacrum is severely damaged.
The centaur warrior simulacrum is knocked back by the mystic blast.
Your fulminant prism crackles loudly.
You now have 16/28 mp.
Casting: Iskenderun's Mystic Blast (dangerous; 2% risk of failure)
Confirm with . or Enter, or press ? or * to list all spells.
You erupt in a blast of force!
The mystic blast hits the wolf!
The wolf is moderately wounded.
The wolf is knocked back by the mystic blast.
Your fulminant prism explodes!
The blast of energy engulfs the cyclops!!!
The cyclops is almost dead.
The blast of energy engulfs the ogre!!
You kill the ogre!
You now have 12/28 mp.
Things that are here:
29 gold pieces; 3 large rocks The cyclops throws a large rock.
The large rock hits you!!!
You die...
Your body crumbles into a pile of gold.

..
..................
..
......(............
..
...................
.(
..................#
..
.................#
.. .......$.......#
.. .......h..$...#
.....C.$$Z$..#
.......@.$..##
.....$.....##
..........##
........###
.......## .......
....##. ...# #. ..#
#.


You could see a cyclops, a wolf and a centaur warrior simulacrum.

Vanquished Creatures
  Lodul (D:11)
  Pikel (D:6)
  An orc knight (Bailey)
  2 cyclopes (D:11)
  Joseph (D:8)
  Maurice (D:8)
  Maggie (D:6)
  A komodo dragon (D:10)
  A polar bear (D:11)
  2 hornets
  Grinder (D:6)
  Sigmund (D:6)
  Eustachio (D:4)
  2 wraiths
  18 yaks
  Grum (D:11)
  A steam dragon (D:9)
  3 water moccasins
  12 orc warriors
  An ice beast (D:11)
  2 wolves (D:11)
  13 ogres
  2 sky beasts
  2 phantoms
  2 lemures (D:6)
  2 kobold brigands
  Blork the orc (D:6)
  2 bullfrogs
  3 gnoll sergeants
  6 scorpions
  5 wights
  14 killer bees
  3 troll zombies (D:9)
  2 howler monkeys (D:10)
  9 orc priests
  A hound (D:5)
  A jelly (D:6)
  A sleepcap (D:6)
  2 iguanas
  9 orc wizards
  5 ogre zombies (D:9)
  18 gnolls
  7 adders
  A shadow imp (D:7)
  2 white imps
  3 ufetubi
  A worm (D:2)
  2 dart slugs
  76 orcs
  5 bats
  8 endoplasms
  2 giant cockroaches (D:3)
  10 goblins
  7 hobgoblins
  4 quokkas
  9 ball pythons
  6 frilled lizards
  2 goblin skeletons (D:9)
  3 goblin zombies (D:9)
  A hobgoblin skeleton (D:9)
  2 hobgoblin zombies (D:9)
  13 kobolds
  3 orc skeletons (D:9)
  14 orc zombies (D:9)
  4 rats
343 creatures vanquished.

Vanquished Creatures (others)
  57 fulminant prisms
57 creatures vanquished.

Grand Total: 400 creatures vanquished

Notes
Turn   | Place    | Note
-------+----------+-------------------------------------------
     0 | D:1      | Psyclone the Deep Elf Conjurer began the quest for the Orb.
     0 | D:1      | Reached XP level 1. HP: 10/10 MP: 6/6
    80 | D:2      | Found Zutuxkoi's Jewellery Shop.
    83 | D:2      | Reached XP level 2. HP: 15/15 MP: 4/8
   100 | D:2      | Learned a level 2 spell: Searing Ray
   149 | D:2      | Gained mutation: You possess an exceptional clarity of
                  | mind. [potion of mutation]
   149 | D:2      | Gained mutation: Your movements are slightly less
                  | encumbered by armour. (ER -2) [potion of mutation]
   149 | D:2      | Gained mutation: You have hidden genetic potential. [potion
                  | of mutation]
   287 | D:2      | Found Tatheism's Distillery.
   295 | D:2      | Reached skill level 5 in Conjurations
   345 | D:2      | Found Xoolosaxt's Antique Armour Shop.
   438 | D:2      | Reached XP level 3. HP: 19/19 MP: 6/10
   451 | D:2      | Gained mutation: You are robust. (+10% HP) [hidden
                  | potential]
   621 | D:3      | Reached XP level 4. HP: 7/26 MP: 7/12
   634 | D:3      | Gained mutation: You have great hidden genetic potential.
                  | [hidden potential]
   634 | D:3      | Lost mutation: You have great hidden genetic potential.
                  | [hidden potential expressed]
   811 | D:4      | Reached XP level 5. HP: 16/30 MP: 8/14
   813 | D:4      | Reached skill level 5 in Spellcasting
   823 | D:4      | Gained mutation: Your mind is acute. (Int +4, Str/Dex -1)
                  | [hidden potential]
   895 | D:4      | Noticed Eustachio
   910 | D:4      | Killed Eustachio
   911 | D:4      | Reached XP level 6. HP: 33/35 MP: 5/16
   913 | D:4      | Gained mutation: Your mind is very acute. (Int +8, Str/Dex
                  | -2) [hidden potential]
   913 | D:4      | Lost mutation: You have hidden genetic potential. [hidden
                  | potential expressed]
  1091 | D:2      | Found Ogoraot's Weapon Shop.
  1253 | D:2      | Bought a potion of curing for 30 gold pieces
  1253 | D:2      | Bought a potion of curing for 30 gold pieces
  1967 | D:1      | Found Qair's Armour Shoppe.
  3267 | D:4      | Found a staircase to the Ecumenical Temple.
  3459 | Temple   | Entered the Ecumenical Temple
  3575 | D:4      | Found a white marble altar of Elyvilon.
  3727 | D:4      | Learned a level 4 spell: Fulminant Prism
  3732 | D:4      | Learned a level 4 spell: Iskenderun's Mystic Blast
  3751 | D:5      | Entered Level 5 of the Dungeon
  3790 | D:5      | Reached skill level 1 in Hexes
  3790 | D:5      | Reached XP level 7. HP: 39/39 MP: 9/18
  3860 | D:5      | Noticed a redback
  3861 | D:5      | Found a runed translucent gate.
  3862 | D:5      | Noticed a redback
  3862 | D:5      | Noticed a redback
  3862 | D:5      | Found the +9 staff of Olgreb {rPois∞}
  3894 | D:5      | Found a runed translucent door.
  3910 | D:5      | Reached skill level 1 in Fighting
  4155 | D:5      | Reached skill level 2 in Fighting
  4256 | D:5      | Reached XP level 8. HP: 48/48 MP: 15/21
  4290 | D:5      | Found a snail-covered altar of Cheibriados.
  4708 | D:5      | Found a runed translucent door.
  4715 | D:5      | Found a runed translucent gate.
  4715 | D:5      | Found a runed translucent gate.
  4967 | D:6      | Noticed Sigmund
  4987 | D:6      | Killed Sigmund
  5050 | D:6      | Reached skill level 3 in Fighting
  5503 | D:6      | Reached skill level 4 in Fighting
  5503 | D:6      | Reached XP level 9. HP: 57/57 MP: 11/24
  5610 | D:6      | Noticed Blork the orc
  5625 | D:6      | Killed Blork the orc
  5682 | D:6      | Reached skill level 10 in Conjurations
  5760 | D:6      | Noticed Grinder
  5767 | D:6      | Killed Grinder
  6032 | D:6      | Noticed Pikel
  6033 | D:6      | Killed Pikel
  6034 | D:6      | Reached skill level 5 in Fighting
  6034 | D:6      | Reached skill level 10 in Spellcasting
  6050 | D:6      | Noticed Maggie
  6147 | D:6      | Killed Maggie
  7029 | D:7      | Reached XP level 10. HP: 66/66 MP: 17/26
  7239 | D:7      | Reached skill level 6 in Fighting
  7688 | D:8      | Found an iron altar of Okawaru.
  7743 | D:8      | Reached skill level 5 in Dodging
  7829 | D:8      | Identified the +9 quarterstaff of Dissolution {heavy, rF+}
  7842 | D:8      | Learned a level 5 spell: Irradiate
  7974 | D:8      | Noticed Joseph
  7992 | D:8      | Killed Joseph
  7993 | D:8      | Reached skill level 1 in Transmutations
  8580 | D:8      | Noticed Maurice
  8587 | D:8      | Killed Maurice
  8806 | D:9      | Found Baviwkeesa's Assorted Antiques.
  8826 | D:9      | Reached skill level 7 in Fighting
  9054 | D:9      | Found a large runed translucent door.
  9054 | D:9      | Found a large runed translucent door.
  9058 | D:9      | Noticed a purple ugly thing
  9155 | D:9      | Found a corrupted altar of Lugonu.
  9155 | D:9      | Noticed a green ugly thing
  9174 | D:9      | Found a flagged portal.
  9200 | Bailey   | Entered a bailey
  9959 | Bailey   | Reached XP level 11. HP: 52/73 MP: 15/27
 10034 | Bailey   | Reached skill level 5 in Transmutations
 10119 | Bailey   | Reached skill level 10 in Fighting
 10119 | Bailey   | Reached XP level 12. HP: 86/86 MP: 28/28
 10623 | D:9      | Found a one-way gate to the infinite horrors of the Abyss.
 10625 | D:9      | Identified the +11 dagger "Liel" {distort, Str+4}
 10625 | D:9      | Identified the +1 robe of Tuet {rF++ Str+3}
 10725 | D:9      | Found a staircase to the Orcish Mines.
 10835 | D:9      | Found an ancient bone altar of Kikubaaqudgha.
 10837 | D:9      | Found a glowing golden altar of the Shining One.
 10841 | D:9      | Found a sparkling altar of Nemelex Xobeh.
 11016 | D:10     | Entered Level 10 of the Dungeon
 11061 | D:10     | Found a shimmering altar of Xom.
 11061 | D:10     | Found a burning altar of Makhleb.
 11061 | D:10     | Found a blossoming altar of Fedhas.
 11061 | D:10     | Found an ornate altar of the Wu Jian Council.
 11062 | D:10     | Found a hide-covered altar of Uskayaw.
 11062 | D:10     | Found a broken altar of Ashenzari.
 11064 | D:10     | Found a bloodstained altar of Trog.
 11064 | D:10     | Found a stormy altar of Qazlal.
 11064 | D:10     | Found an opulent altar of Gozag.
 11086 | D:10     | Became a worshipper of Gozag Ym Sagoz the Greedy
 11758 | D:10     | Reached skill level 11 in Fighting
 12339 | D:11     | Noticed Lodul
 12346 | D:11     | Killed Lodul
 12503 | D:11     | Noticed Grum
 12507 | D:11     | Killed Grum
 13001 | D:11     | Hit by a large rock thrown by a cyclops

Illustrated notes

Levels and vault maps discovered:
D:1:      saegor_arrival_simple_c, layout_rooms, serial_shops, shop,
          kennysheep_nondescript, minmay_misc_feat_ornament
D:2:      layout_basic, serial_shops, nicolae_shop_tiny_statue_garden,
          nicolae_shop_scrapyard, shop, shop
D:3:      layout_loops_ring
D:4:      layout_rooms, elyvilon_altar_1, minmay_temple_entry_trees,
          uniq_eustachio
D:5:      minmay_chambers_of_threes, layout_loops_ring,
          mainiacjoe_overflow_small_starburst,
          minmay_guarded_unrand_staff_of_olgreb
D:6:      layout_loops_cross, uniq_maggie, uniq_sigmund, uniq_blork_the_orc,
          uniq_grinder, uniq_pikel
D:7:      layout_basic
D:8:      layout_basic, lemuel_crystal_altar, serial_rivers,
          chequers_serial_rivers_small_b, chequers_serial_rivers_room_a,
          chequers_serial_rivers_micro_a, chequers_serial_rivers_micro_d,
          chequers_serial_rivers_micro_d, special_room [special_room_orc],
          minivault_19, minmay_misc_feat_nine_boxes, uniq_joseph, uniq_maurice
D:9:      due_chaos_kobolds, layout_rooms, minitemple, zombieorc2_lemuel,
          serial_shops, shop, enter_bailey_6
D:10:     layout_irregular_city, nicolae_overflows_in_rows
D:11:     layout_layer_cave, lair_entry_dummy, serial_ice, serial_ice_g,
          serial_ice_k, serial_ice_a, serial_ice_m, serial_ice_f, serial_ice_c,
          serial_ice_h, kennysheep_generic_room_4, uniq_lodul, uniq_grum
Temple:   hellmonk_temple_two_chambers

Skill      XL: |  1  2  3  4  5  6  7  8  9 10 11 12 |
---------------+-------------------------------------+-----
Conjurations   | 5 6 7 8 9 10 | 10.8
Spellcasting   | 4 5 6 7 9 10 | 10.7
Hexes          | 1 3 |  3.0
Fighting       | 2 4 5 7 10 11 | 11.9
Dodging        | 3 7 9 |  9.0
Transmutations | 4 5 6 |  6.0
Stealth        | |  2.4

Action                     |  1- 3 |  4- 6 |  7- 9 | 10-12 || total
---------------------------+-------+-------+-------+-------++-------
  Melee: Dagger            |       |       |     2 |       ||     2
         Punch             |       |       |     1 |     1 ||     2
         Short sword       |       |       |       |    73 ||    73
   Cast: Magic Dart        |    16 |   144 |    24 |    28 ||   212
         Searing Ray       |     9 |    10 |    43 |    82 ||   144
         Fulminant Prism   |       |       |    14 |    43 ||    57
         Iskenderun's Myst |       |       |     1 |    32 ||    33
    Use: Potion            |     1 |       |       |     2 ||     3
         Scroll            |       |       |       |     2 ||     2
 Armour: Robe              |       |     3 |     3 |       ||     6
         Steam dragon scal |       |       |     6 |    32 ||    38
         Skin              |       |       |     1 |       ||     1
  Dodge: Dodged            |     1 |    17 |    32 |   145 ||   195
  Block: Other             |       |       |       |    41 ||    41
         Reflection        |       |       |       |     3 ||     3
